 Dungeon Crawl Stone Soup version 0.30-a0-373-gd37427bb62 (webtiles) character file.

Game seed: 1232333624368320436

43 karrick the Covered (level 3, -1/24 HPs)
             Began as a Gargoyle Fighter on Nov 23, 2022.
             Killed by nerve-wracking pain
             ... invoked by Jessica
              (4 damage)
             ... on level 2 of the Dungeon.
             The game lasted 00:01:21 (721 turns).

karrick the Covered (Gargoyle Fighter)               Turns: 721, Time: 00:01:21

Health: -1/24      AC: 10    Str: 19    XL:     3   Next: 58%
Magic:  3/3        EV:  9    Int:  8    God:
Gold:   80         SH:  4    Dex: 11    Spells: 2/2 levels left

rFire   . . .      SeeInvis .    a - +0 flail
rCold   . . .      Faith    .    c - +0 buckler
rNeg    + . .      Spirit   .    b - +0 scale mail
rPois   ∞          Reflect  .    (no helmet)
rElec   +          Harm     .    (no cloak)
rCorr   .          Rampage  .    (no gloves)
Will    .....                    (no boots)
Stlth   ..........               (no amulet)
HPRegen 0.24/turn                (no ring)
MPRegen 0.08/turn                (no ring)

@: slowed, very slow
A: sickness immunity, AC +3, negative energy resistance 1, electricity
resistance, torment resistance 1, petrification resistance
a: no special abilities


You were on level 2 of the Dungeon.
You visited 1 branch of the dungeon, and saw 2 of its levels.

You collected 80 gold pieces.

Inventory:

Hand Weapons
 a - a +0 flail (weapon)
Armour
 b - a +0 scale mail (worn)
 c - a +0 buckler (worn)
Potions
 d - a potion of might
 e - a potion of magic {unknown}
 f - a potion of mutation {unknown}
 g - a potion of brilliance {unknown}
 h - a potion of flight {unknown}
 i - a potion of heal wounds {unknown}
 j - a potion of berserk rage {unknown}
 k - a potion of attraction {unknown}


   Skills:
 + Level 3.6 Fighting
 + Level 2.4 Maces & Flails
 + Level 3.9 Armour
 + Level 3.8 Shields


You had 2 spell levels left.
You didn't know any spells.
Your spell library contained the following spells:

 Spells                   Type           Power      Damage    Failure   Level
 Ensorcelled Hibernation  Hex/Ice        0%         N/A       94%         2
 Passwall                 Tmut/Erth      0%         N/A       94%         2
 Swiftness                Air            0%         N/A       99%         3


Dungeon Overview and Level Annotations

Branches:
Dungeon (2/15)

Altars:

Shops:
D:1 [

Annotations:
D:2 Jessica


Innate Abilities, Weirdness & Mutations

You are immune to sickness and miasma.
Your stone body is resilient. (AC +3)
You are immune to poison.
You resist negative energy. (rN+)
You are resistant to electric shocks. (rElec)
You are resistant to unholy torment.
You are immune to petrification.


Message History

You are too injured to fight recklessly!
You are too injured to fight recklessly!
You are too injured to fight recklessly!
You are too injured to fight recklessly!
Unknown command.
You sock the endoplasm!
You kill the endoplasm!
Jessica gestures wildly.
You block Jessica's attack.
You hit Jessica but do no damage.
Jessica is moderately wounded.
Jessica hits you with a +4 dagger of venom.
You closely miss Jessica.
Jessica is moderately wounded.
Jessica zaps a wand.
The puff of flame hits you.
* * * LOW HITPOINT WARNING * * *
Jessica casts a spell.
Jessica blinks!
Jessica gestures wildly while chanting.
Jessica seems to speed up.
There is an open door here.
Jessica shouts, "Stop bothering me, or I'll kill you!"
You hit Jessica.
Jessica is almost dead.
Jessica looks very angry.
Jessica gestures at you while chanting. Pain shoots through your body!
* * * LOW HITPOINT WARNING * * *
Jessica completely misses you.
You barely miss Jessica.
Jessica is almost dead.
Jessica gestures at you while chanting.
You feel yourself slow down. Jessica closely misses you.
Unknown command.
You closely miss Jessica.
Jessica is almost dead.
Jessica hits you but does no damage.
Jessica points at you and mumbles some strange words.
Pain shoots through your body!
You die...

#####................
#................
#.........#######
##.........#
#..........#
#.#........#
#.##.......# ..
#......@# ## .##
#.[....@###.#... .>
#.......'.......
#.......###...##
.....#..#........
..#..##.##.#......
..... #.##.# [#..#
.#.. ..##.. .. # #
### #.## #. ### #


You could see Jessica (fast).

Vanquished Creatures
  2 dart slugs (D:1)
  3 endoplasms
  A giant cockroach (D:1)
  2 goblins (D:1)
  5 hobgoblins (D:1)
  3 quokkas (D:1)
  5 ball pythons (D:1)
  2 bats (D:1)
  2 frilled lizards (D:1)
  7 kobolds
  5 rats
37 creatures vanquished.

Notes
Turn   | Place    | Note
-------+----------+-------------------------------------------
     0 | D:1      | karrick the Gargoyle Fighter began the quest for the Orb.
     0 | D:1      | Reached XP level 1. HP: 14/14 MP: 1/1
   127 | D:1      | Reached XP level 2. HP: 11/19 MP: 2/2
   343 | D:1      | Reached XP level 3. HP: 23/23 MP: 3/3
   438 | D:1      | Found Ciofoy Seed's Armour Emporium.
   707 | D:2      | Noticed Jessica
   721 | D:2      | Killed from afar by Jessica

Illustrated notes

Levels and vault maps discovered:
D:1:      shiori_arrival_oz, layout_basic, serial_shops, shop
D:2:      layout_basic, ebering_ecumenical_altar_webs, minmay_liquid_box,
          minmay_tromino_v4_b, uniq_natasha, uniq_terence, uniq_jessica

Action                   || total
-------------------------++-------
Melee: Flail             ||   109
Armor: Scale mail        ||    51
Dodge: Dodged            ||    61
Block: Buckler           ||    20

Table legend: (Time is in decaauts)
 A = Elapsed time spent in this place.
 B = Non-inter-level travel time spent in this place.
 C = Inter-level travel time spent in this place.
 D = Time resting spent in this place.
 E = Time spent auto-exploring this place.
 F = Levels seen in this place.
 G = Mean time per level.
                   A        B        C        D        E       F      G
               +--------+--------+--------+--------+--------+-----+--------+
         Total |    756 |    748 |      8 |      0 |    486 |   2 |  378.0 |
       Dungeon |    756 |    748 |      8 |      0 |    486 |   2 |  378.0 |
               +--------+--------+--------+--------+--------+-----+--------+

Top non-repeatable levels by time:
     D:1: 648 daAuts
     D:2: 107 daAuts
